 Dungeon Crawl Stone Soup version 0.27-a0-1177-g245c70e1c0 (webtiles) character file.

Game seed: 14573230480148470787

12168 Conn the Slicer (level 11, 0/72 HPs)
             Began as an Octopode Fire Elementalist on May 16, 2021.
             Was a Priest of Sif Muna.
             Slain by a manticore (10 damage)
             ... on level 11 of the Dungeon.
             The game lasted 00:49:05 (13935 turns).

Conn the Slicer (Octopode Fire Elementalist)       Turns: 13935, Time: 00:49:06

Health: 0/72       AC:  3    Str:  8    XL:     11   Next: 89%
Magic:  18/23      EV: 13    Int: 29    God:    Sif Muna [***...]
Gold:   833        SH:  0    Dex: 12    Spells: 2/26 levels left

rFire    . . .     SeeInvis +   e - +10 rapier of Imosaop {venom, rCorr}
rCold    + . .     Faith    .   (no shield)
rNeg     . . .     Spirit   .   (helmet restricted)
rPois    .         Reflect  .   v - amulet of the acrobat
rElec    .         Harm     .   n - ring of see invisible
rCorr    +         Rampage  .   q - ring of flight
Will     .....                  y - ring of protection from cold
Stlth    +++++.....             D - +6 ring of intelligence
HPRegen  0.22/turn              (no ring)
MPRegen  0.18/turn              (no ring)
                                (no ring)
                                (no ring)

@: marked, spiked, flying
A: almost no armour, amphibious, 8 rings, camouflage 1, gelatinous body 1,
(nimble swimmer 1), tentacles, antennae 1, iridescent scales 1, clever 1
a: Renounce Religion, Channel Magic, Forget Spell


You were on level 11 of the Dungeon.
You worshipped Sif Muna.
Sif Muna was most pleased with you.
You visited 2 branches of the dungeon, and saw 12 of its levels.
You also visited: Ossuary.

You collected 1029 gold pieces.
You spent 196 gold pieces at shops.

Inventory:

Hand Weapons
 e - the +10 rapier of Imosaop (weapon) {venom, rCorr}
   (You found it on level 1 of the Dungeon)

   It poisons the flesh of those it strikes.
   It protects you from acid and corrosion.
 B - a +2 war axe of electrocution
 L - a +5 great sword of freezing
Missiles
 o - 7 atropa-tipped darts
 p - 4 curare-tipped darts (quivered)
 K - 5 datura-tipped darts
Jewellery
 n - a ring of see invisible (left tentacle)
 q - a ring of flight (right tentacle)
 v - an amulet of the acrobat (around mantle)
 y - a ring of protection from cold (on tentacle)
 D - a +6 ring of intelligence (on tentacle)
Wands
 j - a wand of iceblast (8)
 w - a wand of paralysis (17)
 A - a wand of flame (25)
 F - a wand of polymorph (13)
Scrolls
 a - a scroll of holy word {unknown}
 b - 11 scrolls of identify
 g - a scroll of enchant armour
 s - a scroll of teleportation
 t - a scroll of acquirement {unknown}
 u - a scroll of magic mapping {unknown}
 C - a scroll of enchant weapon {unknown}
 E - 2 scrolls of amnesia
 J - a scroll of immolation {unknown}
 M - 2 scrolls of blinking {unknown}
Potions
 c - 3 potions of curing
 f - a potion of magic
 i - 3 potions of flight
 k - 5 potions of mutation
 l - a potion of berserk rage
 m - a potion of might
 r - 2 potions of attraction {unknown}
 x - a potion of haste {unknown}
 z - a potion of brilliance {unknown}
 I - 2 potions of cancellation {unknown}


   Skills:
 * Level 6.2 Fighting
 * Level 8.7 Short Blades
 + Level 0.6 Throwing
 + Level 3.3 Dodging
 - Level 8.0 Stealth
 * Level 8.1 Spellcasting
 * Level 7.4 Conjurations
 * Level 1.7 Translocations
 + Level 1.0 Transmutations
 * Level 5.9 Fire Magic
 + Level 2.0 Air Magic
 + Level 1.9 Poison Magic
 + Level 5.6 Invocations
 + Level 0.1 Evocations


You had 2 spell levels left.
You knew the following spells:

 Your Spells              Type           Power      Damage    Failure   Level
a - Foxfire               Conj/Fire      100%       2x1d9     1%          1
b - Conjure Flame         Conj/Fire      50%        6-21      1%          3
c - Inner Flame           Hex/Fire       29%        N/A       4%          3
d - Sticky Flame          Conj/Fire      50%        2d7       3%          4
e - Ignite Poison         Fire/Tmut/Pois 29%        N/A       4%          3
f - Mephitic Cloud        Conj/Pois/Air  33%        N/A       2%          3
g - Blink                 Tloc           N/A        N/A       3%          2
h - Fireball              Conj/Fire      25%        3d11      9%          5

Your spell library contained the following spells:

 Spells                   Type           Power      Damage    Failure   Level
 Magic Dart               Conj           100%       1d8       1%          1
 Searing Ray              Conj           100%       3d7       1%          2
 Apportation              Tloc           44%        N/A       2%          1
 Sting                    Tmut/Pois      80%        1d7       2%          1
 Poisonous Vapours        Pois/Air       46%        N/A       3%          2
 Call Imp                 Summ           11%        N/A       7%          2
 Slow                     Hex            11%        N/A       7%          2
 Dazzling Flash           Conj/Hex       66%        N/A       3%          3
 Lesser Beckoning         Tloc           11%        N/A       7%          3
 Iskenderun's Mystic Bla  Conj/Tloc      38%        2d9       7%          4
 Fulminant Prism          Conj/Hex       16%        3d11      10%         4
 Tukima's Dance           Hex            11%        N/A       14%         3
 Olgreb's Toxic Radiance  Pois           22%        N/A       21%         4
 Alistair's Intoxication  Tmut/Pois      13%        N/A       56%         5
 Invisibility             Hex            11%        N/A       100%        6


Dungeon Overview and Level Annotations

Branches:
Dungeon (11/15)            Temple (1/1) D:4            Lair (0/6) D:9
Ossuary (visited)
    Orc: D:9-12

Altars:
Ashenzari
Cheibriados
Dithmenos
Elyvilon
Fedhas
Gozag
Hepliaklqana
Kikubaaqudgha
Makhleb
Nemelex Xobeh
Okawaru
Qazlal
Ru
Sif Muna
Uskayaw
Vehumet
Wu Jian
Xom
Yredelemnul
Zin
The Shining One
Beogh

Shops:
D:3 *   D:8 [?![


Innate Abilities, Weirdness & Mutations

You cannot wear most types of armour.
You are amphibious.
You can wear up to eight rings at the same time.
Your skin changes colour to match your surroundings (Stealth+).
Your rubbery body absorbs attacks. (AC +1, EV +1)
((You are camouflaged near water. (Stealth+)))
You have tentacles for arms and can constrict up to eight enemies at once.
You have a pair of small antennae on your head.
You are partially covered in iridescent scales. (AC +2)
Your mind is acute. (Int +2)


Message History

Unknown command.
Unknown command.
Casting: Mephitic Cloud (mildly dangerous; 2% risk of failure)
Confirm with . or Enter, or press ? or * to list all spells.
Okay, then.
Unknown command.
Unknown command.
Casting: Mephitic Cloud (mildly dangerous; 2% risk of failure)
Confirm with . or Enter, or press ? or * to list all spells.
Okay, then.
Unknown command.
You feel much better.
An orc warrior comes into view. It is wielding a +0 scimitar.
The wolf is engulfed in noxious fumes.
The wolf appears confused.
The manticore is engulfed in noxious fumes.
The manticore appears confused.
The manticore bites you!! The manticore claws you.
* * * LOW HITPOINT WARNING * * *
The manticore closely misses you. The orc hits you with a +0 whip.
* * * LOW HITPOINT WARNING * * *
Okay, then.
You feel much better.
The wolf is engulfed in noxious fumes.
The wolf bites the manticore!
A wolf comes into view.
The wolf is engulfed in noxious fumes. x2; The wolf appears confused.
The wolf barely misses the manticore.
The manticore is engulfed in noxious fumes.
The manticore closely misses the wolf.
The manticore claws the wolf! x2
The orc misses you.
An orc comes into view. It is wielding a +0 club.
A wolf comes into view.
You completely miss the manticore.
The manticore is moderately wounded.
The wolf is engulfed in noxious fumes.
The wolf appears confused.
The wolf is engulfed in noxious fumes.
The wolf appears confused.
The manticore is engulfed in noxious fumes.
The manticore appears confused.
The manticore bites you!!
* * * LOW HITPOINT WARNING * * *
The manticore claws you!
You die...

#####.###. ...#
##........# #..#
#<..##.##.#####..#####
..#.............h.....
#...##...........#
##>######.#####hh# #.#
#.# #☼h# #.# #.# #.H#
#.. ..# #.@# ### ###
#.o....... #o########
#.# #o# #.. ###


You could see a manticore (confused, poisoned), an orc warrior, 4 wolves and 2
orcs.

Vanquished Creatures
  Harold (D:7)
  3 two-headed ogres
  The ghost of Pagrax the Grappler, a novice TrFi of Ashenzari (D:7)
  Nergalle (D:10)
  Pikel (D:5)
  The ghost of Renjy the Contemplative, a novice KoGl of Cheibriados (D:7)
  Joseph (D:7)
  2 trolls (D:10)
  3 meliai (D:8)
  A shadow (D:8)
  11 yaks (D:8)
  2 steam dragons
  Edmund (D:6)
  Menkaure (D:6)
  3 water moccasins
  A hornet zombie (D:7)
  2 orc warriors
  3 black bears
  A necrophage (D:8)
  4 centaurs
  2 lemures (D:5)
  2 kobold brigands (D:8)
  Blork the orc (D:6)
  3 bullfrogs
  5 water moccasin zombies (Ossuary)
  10 wights
  2 howler monkeys (D:9)
  6 centaur zombies
  2 hounds
  8 orc priests
  A gnoll shaman (D:4)
  2 bullfrog skeletons
  3 iguanas
  6 orc wizards
  2 hound skeletons
  2 mummies (Ossuary)
  5 gnolls (D:4)
  4 howler monkey zombies
  5 adders
  2 white imps (D:6)
  2 ufetubi
  An adder skeleton (D:4)
  4 adder zombies (Ossuary)
  4 worms (D:3)
  3 dart slugs
  28 orcs
  6 endoplasms
  4 giant cockroaches
  12 goblins
  6 hobgoblins
  4 jackals (D:1)
  A quokka (D:2)
  10 ball pythons
  4 bats
  5 frilled lizards
  A gnoll zombie (Ossuary)
  7 hobgoblin zombies (Ossuary)
  20 kobolds
  3 kobold zombies (Ossuary)
  4 orc zombies (Ossuary)
  9 rats
255 creatures vanquished.

Vanquished Creatures (collateral kills)
  4 foxfires (D:4)
4 creatures vanquished.

Vanquished Creatures (others)
  557 foxfires
557 creatures vanquished.

Grand Total: 816 creatures vanquished

Notes
Turn   | Place    | Note
-------+----------+-------------------------------------------
     0 | D:1      | Conn the Octopode Fire Elementalist began the quest for the
                  | Orb.
     0 | D:1      | Reached XP level 1. HP: 11/11 MP: 3/3
   126 | D:1      | Reached XP level 2. HP: 17/17 MP: 1/5
   212 | D:1      | Found an opulent altar of Gozag.
   403 | D:1      | Reached XP level 3. HP: 7/21 MP: 6/6
   660 | D:1      | Found a faded altar of an unknown god.
   663 | D:1      | Identified the +10 rapier of Imosaop {venom, rCorr}
   688 | D:1      | Learned a level 3 spell: Conjure Flame
  1805 | D:2      | Reached skill level 1 in Short Blades
  1805 | D:2      | Reached XP level 4. HP: 27/27 MP: 2/7
  2645 | D:3      | Found Uthraw's Assorted Antiques.
  2690 | D:3      | Bought a forked bronze wand for 96 gold pieces
  2808 | D:3      | Found a blossoming altar of Fedhas.
  3098 | D:3      | Reached XP level 5. HP: 32/32 MP: 4/8
  3731 | D:3      | Found a snail-covered altar of Cheibriados.
  3731 | D:3      | Found a glowing silver altar of Zin.
  3880 | D:3      | Learned a level 3 spell: Inner Flame
  3970 | D:4      | Noticed a black bear
  3996 | D:4      | Killed a black bear
  3997 | D:4      | Reached skill level 1 in Fighting
  4198 | D:4      | Reached XP level 6. HP: 38/38 MP: 4/10
  4593 | D:4      | Found a staircase to the Ecumenical Temple.
  4606 | Temple   | Entered the Ecumenical Temple
  4633 | Temple   | Became a worshipper of Sif Muna the Loreminder
  5216 | D:5      | Entered Level 5 of the Dungeon
  5268 | D:5      | Learned a level 4 spell: Sticky Flame
  5374 | D:5      | Noticed Pikel
  5582 | D:5      | Noticed a black bear
  5591 | D:5      | Killed a black bear
  5592 | D:5      | Reached XP level 7. HP: 44/44 MP: 8/12
  6116 | D:5      | Killed Pikel
  6117 | D:5      | Reached XP level 8. HP: 51/51 MP: 5/14
  6551 | D:6      | Noticed Menkaure
  6560 | D:6      | Killed Menkaure
  6693 | D:6      | Noticed Blork the orc
  6701 | D:6      | Killed Blork the orc
  6702 | D:6      | Reached skill level 5 in Stealth
  6837 | D:6      | Reached skill level 5 in Spellcasting
  7213 | D:6      | Noticed Edmund
  7222 | D:6      | Killed Edmund
  7476 | D:6      | Reached skill level 5 in Fire Magic
  7760 | D:6      | Reached * piety under Sif Muna
  7761 | D:6      | Reached XP level 9. HP: 57/57 MP: 17/17
  8040 | D:7      | Learned a level 3 spell: Ignite Poison
  8044 | D:7      | Learned a level 3 spell: Mephitic Cloud
  8237 | D:7      | Found a sand-covered staircase.
  8242 | Ossuary  | Entered an ossuary
  8282 | Ossuary  | Reached skill level 5 in Conjurations
  8282 | Ossuary  | Reached skill level 1 in Invocations
  8322 | Ossuary  | Reached skill level 5 in Short Blades
  8557 | D:7      | Gained mutation: You are partially covered in iridescent
                  | scales. (AC +2) [potion of mutation]
  8557 | D:7      | Gained mutation: Your mind is acute. (Int +2) [potion of
                  | mutation]
  8557 | D:7      | Gained mutation: You have a pair of small antennae on your
                  | head. [potion of mutation]
  8658 | D:7      | Noticed Harold
  8686 | D:7      | Killed Harold
  8693 | D:7      | Noticed Joseph
  8695 | D:7      | Reached ** piety under Sif Muna
  8703 | D:7      | Killed Joseph
  8704 | D:7      | Reached XP level 10. HP: 65/65 MP: 15/19
  8760 | D:7      | Found a runed translucent gate.
  8760 | D:7      | Found a runed translucent gate.
  8763 | D:7      | Found a runed translucent gate.
  8763 | D:7      | Noticed Pagrax's ghost (novice TrFi)
  8859 | D:7      | You are sucked into a shaft and drop 2 floors!
  9216 | D:8      | Found Ajuis's Distillery.
  9374 | D:8      | Bought a potion of heal wounds for 50 gold pieces
  9374 | D:8      | Bought a potion of heal wounds for 50 gold pieces
  9384 | D:8      | Found Horextijic's Armour Boutique.
  9415 | D:8      | Noticed a two-headed ogre
  9452 | D:8      | Killed a two-headed ogre
  9453 | D:8      | Reached skill level 5 in Fighting
  9736 | D:8      | Found Ijoh's Magic Scroll Shoppe.
  9754 | D:8      | Reached skill level 1 in Air Magic
  9802 | D:8      | Reached skill level 1 in Poison Magic
 10116 | D:8      | Reached skill level 5 in Invocations
 10116 | D:8      | Reached XP level 11. HP: 34/72 MP: 5/21
 10430 | D:8      | Reached *** piety under Sif Muna
 10553 | D:8      | Found Izalilar's Armour Shop.
 11218 | D:7      | Found a runed translucent gate.
 11218 | D:7      | Found a runed translucent gate.
 11218 | D:7      | Found a runed translucent gate.
 11218 | D:7      | Noticed Renjy's ghost (novice KoGl)
 11220 | D:7      | Found a basalt altar of Yredelemnul.
 11393 | D:7      | Learned a level 2 spell: Blink
 11399 | D:7      | Learned a level 5 spell: Fireball
 11473 | D:7      | Killed Renjy's ghost
 11711 | D:7      | Killed Pagrax's ghost
 11865 | D:7      | Identified the +2 pair of gloves of Uskayaw's Hatred
                  | {Will+}
 11935 | D:9      | Noticed a two-headed ogre
 11993 | D:9      | Killed a two-headed ogre
 12254 | D:9      | Found a staircase to the Lair.
 12278 | D:9      | Found a hazy altar of Hepliaklqana.
 12280 | D:9      | Found a shimmering altar of Xom.
 12688 | D:10     | Entered Level 10 of the Dungeon
 12930 | D:10     | Identified the +10 chain mail of the Wheelwright {Drain rF+
                  | Int+4}
 12976 | D:10     | Found a white marble altar of Elyvilon.
 12976 | D:10     | Found a hide-covered altar of Uskayaw.
 12976 | D:10     | Found a broken altar of Ashenzari.
 13048 | D:10     | Noticed a two-headed ogre
 13068 | D:10     | Reached skill level 1 in Translocations
 13070 | D:10     | Noticed Nergalle
 13076 | D:10     | Killed a two-headed ogre
 13395 | D:10     | Killed Nergalle
 13396 | D:10     | Reached skill level 1 in Transmutations
 13539 | D:10     | Found an iron altar of Okawaru.
 13923 | D:11     | Noticed a manticore
 13935 | D:11     | Slain by a manticore

Illustrated notes

Levels and vault maps discovered:
D:1:      kennysheep_arrival_seaside, layout_rooms,
          hellmonk_ecumenical_altar_lost_god, kennysheep_flooded_box
D:2:      layout_basic, kennysheep_another_room
D:3:      layout_basic, fedhas_altar_3, gammafunk_temple_overflow_statue,
          serial_shops, shop_coins
D:4:      cheibrodos_old_hovel, layout_basic, minmay_temple_entry_poolview
D:5:      layout_basic, uniq_pikel
D:6:      layout_loops_ring, uniq_blork_the_orc, uniq_edmund, uniq_menkaure
D:7:      layout_cave_pools, nicolae_yredelemnul_ghost_church,
          biasface_ghost_orc_armoury, nicolae_ossuary_entry_plus, uniq_harold,
          uniq_joseph
D:8:      layout_gridville, serial_shops, shop_coins, nicolae_shop_trees,
          shop_statue, nicolae_shop_crystal, grunt_potential
D:9:      layout_basic, regret_index_temple_of_mockery, lair_entry_dummy,
          chequers_serial_rivers_room_a, hangedman_decor_riveting
D:10:     layout_long_grid, okawaru_ov_weapons_minmay,
          gammafunk_temple_overflow_claw, uniq_nergalle
D:11:     minmay_separated_statues, layout_loops_ring, uniq_grum
Temple:   minmay_temple_bridge_abc

Skill      XL: |  1  2  3  4  5  6  7  8  9 10 11 |
---------------+----------------------------------+-----
Short Blades   | 1 2 3 4 6 7 8 |  8.7
Stealth        | 3 4 5 7 8 |  8.0
Conjurations   | 2 3 4 5 6 7 |  7.4
Fire Magic     | 4 5 |  5.9
Fighting       | 1 2 3 4 5 6 |  6.2
Spellcasting   | 3 4 5 6 7 8 |  8.1
Invocations    | 2 5 |  5.6
Air Magic      | 1 2 |  2.0
Dodging        | 3 |  3.3
Poison Magic   | 1 |  1.9
Translocations | 1 |  1.7
Transmutations | 1 |  1.0
Throwing       | |  0.6
Evocations     | |  0.1

Action                   |  1- 3 |  4- 6 |  7- 9 | 10-12 || total
-------------------------+-------+-------+-------+-------++-------
Melee: Constrict         |     7 |     1 |    20 |    31 ||    59
       Dagger            |     6 |       |       |       ||     6
       Tentacles         |     3 |       |    16 |    30 ||    49
       Short sword       |    16 |       |       |       ||    16
       Rapier            |     1 |    21 |   101 |   197 ||   320
       Unarmed           |       |       |       |    11 ||    11
Throw: Dart              |       |     1 |     2 |     3 ||     6
 Cast: Foxfire           |    50 |   121 |    54 |    96 ||   321
       Conjure Flame     |       |     6 |     5 |     5 ||    16
       Mephitic Cloud    |       |       |     4 |    26 ||    30
       Ignite Poison     |       |       |     2 |     7 ||     9
       Blink             |       |       |       |     8 ||     8
       Sticky Flame      |       |       |       |     3 ||     3
       Fireball          |       |       |       |     2 ||     2
Invok: Channel Magic     |       |       |     1 |     1 ||     2
Evoke: Wand              |       |       |       |     4 ||     4
  Use: Potion            |       |       |     7 |     7 ||    14
       Scroll            |       |       |     5 |     4 ||     9
 Stab: Sleeping          |     1 |     6 |    19 |     5 ||    31
       Confused          |       |       |     2 |     5 ||     7
Armor: Skin              |     4 |     1 |    17 |    37 ||    59
Dodge: Dodged            |    36 |    19 |    43 |   143 ||   241

Table legend: (Time is in decaauts)
 A = Elapsed time spent in this place.
 B = Non-inter-level travel time spent in this place.
 C = Inter-level travel time spent in this place.
 D = Time resting spent in this place.
 E = Time spent auto-exploring this place.
 F = Levels seen in this place.
 G = Mean time per level.
                   A        B        C        D        E       F      G
               +--------+--------+--------+--------+--------+-----+--------+
         Total |  13895 |  13692 |    203 |   2423 |   7649 |  13 | 1068.8 |
       Dungeon |  13546 |  13362 |    184 |   2303 |   7649 |  11 | 1231.5 |
        Temple |     46 |     27 |     19 |      0 |      0 |   1 |   46.0 |
       Ossuary |    301 |    301 |      0 |    120 |      0 |   1 |  301.0 |
               +--------+--------+--------+--------+--------+-----+--------+

Top non-repeatable levels by time:
     D:8: 1930 daAuts
     D:3: 1446 daAuts
     D:6: 1429 daAuts
     D:4: 1393 daAuts
     D:7: 1321 daAuts
     D:2: 1318 daAuts
    D:10: 1207 daAuts
     D:5: 1201 daAuts
     D:1: 1148 daAuts
     D:9: 1123 daAuts
 Ossuary: 301 daAuts
  Temple: 46 daAuts
    D:11: 25 daAuts
